 Dungeon Crawl Stone Soup version 0.28.0 (webtiles) character file.

Game seed: 14159041869916501783

62 Kaptain the Digger (level 4, 0/25 HPs)
             Began as a Gargoyle Earth Elementalist on Feb 15, 2022.
             Slain by a gnoll (8 damage)
             ... on level 3 of the Dungeon.
             The game lasted 00:03:46 (2386 turns).

Kaptain the Digger (Gargoyle Earth Elementalist)    Turns: 2386, Time: 00:03:47

Health: 0/25       AC:  5    Str: 11    XL:     4   Next: 8%
Magic:  1/7        EV: 12    Int: 18    God:
Gold:   45         SH:  0    Dex: 10    Spells: 7/8 levels left

rFire   . . .      SeeInvis .   h - staff of conjuration
rCold   . . .      Faith    .   (no shield)
rNeg    + . .      Spirit   .   b - +0 robe
rPois   ∞          Reflect  .   (no helmet)
rElec   +          Harm     .   (no cloak)
rCorr   .          Rampage  .   (no gloves)
Will    .....                   (no boots)
Stlth   ++........              (no amulet)
HPRegen 0.08/turn               i - ring of flight
MPRegen 0.10/turn               (no ring)

@: flying
A: sickness immunity, AC +3, negative energy resistance 1, electricity
resistance, torment resistance 1, petrification resistance
a: no special abilities


You were on level 3 of the Dungeon.
You visited 1 branch of the dungeon, and saw 3 of its levels.

You collected 45 gold pieces.

Inventory:

Hand Weapons
 g - a +0 dagger
Missiles
 c - 2 stones
Armour
 b - a +0 robe (worn)
Magical Staves
 h - a staff of conjuration (weapon)
Jewellery
 d - an amulet of faith
 i - a ring of flight (left hand)
Scrolls
 a - a scroll of vulnerability {unknown}
 e - a scroll of magic mapping {unknown}
 k - 2 scrolls of identify {unknown}
 l - a scroll of noise {unknown}
 m - a scroll of enchant weapon {unknown}
Potions
 f - a potion of haste {unknown}
 j - a potion of lignification {unknown}


   Skills:
 + Level 1.0 Fighting
 + Level 0.7 Armour
 + Level 1.8 Dodging
 + Level 2.7 Stealth
 * Level 2.6 Spellcasting
 * Level 1.0 Conjurations
 - Level 0.7 Transmutations
 * Level 4.1 Earth Magic


You had 7 spell levels left.
You knew the following spells:

 Your Spells              Type           Power      Damage    Failure   Level
a - Sandblast             Erth           34%        2d9       3%          1

Your spell library contained the following spells:

 Spells                   Type           Power      Damage    Failure   Level
 Passwall                 Tmut/Erth      9%         N/A       10%         2
 Stone Arrow              Conj/Erth      34%        3d9       17%         3
 Dazzling Flash           Conj/Hex       12%        N/A       38%         3
 Petrify                  Tmut/Erth      11%        N/A       52%         4
 Iskenderun's Mystic Bla  Conj/Tloc      6%         2d4       80%         4
 Starburst                Conj/Fire      3%         6d3       100%        6


Dungeon Overview and Level Annotations

Branches:
Dungeon (3/15)

Altars:


Innate Abilities, Weirdness & Mutations

You are immune to sickness and miasma.
Your stone body is resilient. (AC +3)
You are immune to poison.
You resist negative energy. (rN+)
You are resistant to electric shocks. (rElec)
You are resistant to unholy torment.
You are immune to petrification.


Message History

Press: ? - help, Shift-Dir - straight line, f/p - goblin
Aim: a goblin, wielding a +1 dagger of protection (moderately wounded, 74% to hit)
The blast of sand hits the goblin.
The goblin is severely wounded.
The goblin barely misses you.
The gnoll hits you from afar with a +0 spear of flaming.
The gnoll burns you.
Casting: Sandblast (safe; 3% risk of failure)
Confirm with . or Enter, or press ? or * to list all spells.
Aiming: Sandblast (safe; 3% risk of failure)
Press: ? - help, Shift-Dir - straight line, f/p - goblin
Aim: a goblin, wielding a +1 dagger of protection (severely wounded, 74% to hit)
The blast of sand hits the goblin but does no damage.
The goblin is severely wounded.
The goblin hits you but does no damage.
Casting: Sandblast (safe; 3% risk of failure)
Confirm with . or Enter, or press ? or * to list all spells.
You don't have enough magic to cast this spell.
Unknown command.
Unknown command.
Unknown command.
You hit the goblin.
You kill the goblin!
The gnoll hits you from afar with a +0 spear of flaming.
The gnoll burns you. The gnoll completely misses you.
Things that are here:
a +1 dagger of protection; a goblin corpse You barely miss the gnoll.
The gnoll barely misses you. The gnoll hits you with a +0 spear.
A goblin comes into view. It is wielding a +0 club.
You hit the gnoll.
The gnoll is moderately wounded.
The gnoll closely misses you. The gnoll completely misses you.
The gnoll hits you with a +0 spear. The gnoll closely misses you.
You hit the gnoll.
The gnoll is heavily wounded.
The gnoll closely misses you. The gnoll hits you with a +0 spear.
Unknown command.
The gnoll hits you from afar with a +0 spear!
You die...

#. #. ... ##.### ...
#....## ..# #.....### #.#
#......)## #.#
#.....#..#### #.###.#..
#.....##....#####.....<..
####...####.†.@)gg#
######.#.#
#######g.......
#......#.### #........
#......#...# #........
#....<..##. #.?......
#.....#.# .# #........
#......... . .....>...
#.....#.###.# ..#.g..S.
#########


You could see 3 gnolls.

Vanquished Creatures
  A gnoll (D:3)
  An adder (D:3)
  2 worms (D:2)
  A dart slug (D:2)
  3 bats
  3 endoplasms
  A giant cockroach (D:2)
  6 goblins
  A hobgoblin (D:2)
  2 jackals (D:2)
  2 quokkas (D:1)
  2 ball pythons (D:1)
  3 frilled lizards
  4 kobolds
  3 rats
35 creatures vanquished.

Notes
Turn   | Place    | Note
-------+----------+-------------------------------------------
     0 | D:1      | Kaptain the Gargoyle Earth Elementalist began the quest for
                  | the Orb.
     0 | D:1      | Reached XP level 1. HP: 10/10 MP: 3/3
   294 | D:1      | Reached XP level 2. HP: 15/15 MP: 3/5
  1214 | D:2      | Reached XP level 3. HP: 12/20 MP: 0/6
  1349 | D:2      | Reached skill level 4 in Earth Magic
  2376 | D:3      | Reached skill level 1 in Fighting
  2376 | D:3      | Reached skill level 1 in Conjurations
  2376 | D:3      | Reached XP level 4. HP: 25/25 MP: 5/7
  2386 | D:3      | Slain by a gnoll

Illustrated notes

Levels and vault maps discovered:
D:1:      saegor_arrival_under_anarchy, layout_loops_ring
D:2:      layout_basic, minmay_cut_off
D:3:      layout_rooms, marbit_many_paths, uniq_terence

Skill      XL: |  1  2  3 |
---------------+----------+-----
Earth Magic    | 4 |  4.1
Fighting       | 1 |  1.0
Conjurations   | 1 |  1.0
Armour         | |  0.7
Dodging        | |  1.8
Stealth        | |  2.7
Spellcasting   | |  2.6
Transmutations | |  0.7

Action                   |  1- 3 |  4- 6 || total
-------------------------+-------+-------++-------
Melee: Staff             |    57 |     4 ||    61
 Cast: Sandblast         |    38 |     5 ||    43
 Stab: Sleeping          |     3 |       ||     3
Armor: Robe              |    25 |     1 ||    26
Dodge: Dodged            |    45 |     8 ||    53
